TOP OF THE 1ST |
Baffin Island Beavers batting - Pitching for Orlando Calrissian : RHP Tony Guerrero
|
Pitching: RHP Tony Guerrero
|
|
Batting: LHB Chris Bates
|
0-0: Called Strike 0-1: SOLO HOME RUN (Flyball, 89XD), Distance : 420 ft
|
Batting: LHB Jeff Cole
|
0-0: Called Strike 0-1: Foul Ball, location: 2F 0-2: Ball 1-2: Foul Ball, location: 2F 1-2: Ball 2-2: Foul Ball, location: 2F 2-2: Fly out, F7 (Line Drive, 7M)
|
Batting: SHB Alonso Ferreira
|
0-0: Ball 1-0: Ball 2-0: SINGLE (Groundball, 3D)
|
Batting: LHB Lorenzo Villa
|
0-0: Swinging Strike 0-1: Swinging Strike 0-2: Foul Ball, location: 2F 0-2: Ball 1-2: SINGLE (Groundball, 5D) Alonso Ferreira to second
|
Batting: RHB Tony Morton
|
0-0: Ball 1-0: Ball 2-0: Fielders Choice at 2nd, 5-4 (Groundball, 56) Alonso Ferreira to third
|
Batting: LHB Mario García
|
0-0: Ball 1-0: Called Strike 1-1: Foul Ball, location: 2F 1-2: Ball 2-2: Ground out 4-3 (Groundball, 4)
|
Top of the 1st over - 1 run(s), 3 hit(s), 0 error(s), 2 left on base; Baffin Island 1 - Orlando 0 |
BOTTOM OF THE 1ST |
Orlando Calrissian batting - Pitching for Baffin Island Beavers : LHP Marcos Benítez
|
Pitching: LHP Marcos Benítez
|
|
Batting: RHB Kenny Cole
|
0-0: Called Strike 0-1: Called Strike 0-2: Ball 1-2: Ground out 5-3 (Groundball, 56S)
|
Batting: RHB Frederico Hernández
|
0-0: Ball 1-0: Foul Ball, location: 2F 1-1: SINGLE (Line Drive, 6M)
|
Batting: RHB Rich Anderson
|
0-0: TRIPLE (Groundball, 5L) Frederico Hernández scores
|
Batting: RHB Raúl Canó
|
0-0: Foul Ball, location: 2F 0-1: Foul Ball, location: 2F 0-2: Ball 1-2: Foul Ball, location: 2F 1-2: Foul Ball, location: 2F 1-2: Ball 2-2: Strikes out swinging
|
Batting: RHB Robby Lewis
|
0-0: Ground out 5-3 (Groundball, 56)
|
Bottom of the 1st over - 1 run(s), 2 hit(s), 0 error(s), 1 left on base; Baffin Island 1 - Orlando 1 |
TOP OF THE 2ND |
Baffin Island Beavers batting - Pitching for Orlando Calrissian : RHP Tony Guerrero
|
Batting: RHB Dave Craig
|
0-0: Ball 1-0: Called Strike 1-1: Swinging Strike 1-2: Ball 2-2: Foul Ball, location: 2F 2-2: Foul Ball, location: 2F 2-2: Strikes out swinging
|
Batting: LHB Keng-chi Lao
|
0-0: Called Strike 0-1: Ball 1-1: Foul Ball, location: 2F 1-2: Ball 2-2: Ball 3-2: SINGLE (Groundball, 34)
|
Batting: RHB Luis González
|
0-0: Ball 1-0: Swinging Strike 1-1: Fly out, F8 (Flyball, 8RXD)
|
Batting: LHB Chris Bates
|
0-0: Ball 1-0: Foul Ball, location: 2F 1-1: Ball 2-1: Called Strike 2-2: Foul Ball, location: 2F 2-2: Ball 3-2: TRIPLE (Line Drive, 78S) Keng-chi Lao scores
|
Batting: LHB Jeff Cole
|
0-0: Ball 1-0: Ball 2-0: Ball 3-0: Called Strike 3-1: Called Strike 3-2: Fly out, F9 (Flyball, 9D)
|
Top of the 2nd over - 1 run(s), 2 hit(s), 0 error(s), 1 left on base; Baffin Island 2 - Orlando 1 |
BOTTOM OF THE 2ND |
Orlando Calrissian batting - Pitching for Baffin Island Beavers : LHP Marcos Benítez
|
Batting: LHB Juan Colón
|
0-0: Swinging Strike 0-1: Ball 1-1: Ball 2-1: Ground out 5-3 (Groundball, 5S)
|
Batting: SHB Tim Abbott
|
0-0: Ball 1-0: Fly out, F8 (Flyball, 89M)
|
Batting: LHB Santiago Márquez
|
0-0: Ball 1-0: SINGLE (Groundball, 5D)
|
Batting: RHB Enrique Ramírez
|
0-0: Called Strike 0-1: Foul Ball, location: 2F 0-2: Ball 1-2: Strikes out swinging
|
Bottom of the 2nd over - 0 run(s), 1 hit(s), 0 error(s), 1 left on base; Baffin Island 2 - Orlando 1 |
TOP OF THE 3RD |
Baffin Island Beavers batting - Pitching for Orlando Calrissian : RHP Tony Guerrero
|
Batting: SHB Alonso Ferreira
|
0-0: Ball 1-0: Ground out 3-1 (Groundball, 3)
|
Batting: LHB Lorenzo Villa
|
0-0: DOUBLE (Line Drive, 9LD)
|
Pinch Runner at 2nd Mario López:
|
|
Batting: RHB Tony Morton
|
0-0: Fly out, F3 (Line Drive, 34)
|
Batting: LHB Mario García
|
0-0: Foul Ball, location: 2F 0-1: Ground out 6-3 (Groundball, 6)
|
Top of the 3rd over - 0 run(s), 1 hit(s), 0 error(s), 1 left on base; Baffin Island 2 - Orlando 1 |
BOTTOM OF THE 3RD |
Orlando Calrissian batting - Pitching for Baffin Island Beavers : LHP Marcos Benítez
|
Now at 1B: Mario López
|
|
Batting: RHB Kenny Cole
|
0-0: Called Strike 0-1: Ball 1-1: Swinging Strike 1-2: Strikes out swinging
|
Batting: RHB Frederico Hernández
|
0-0: Called Strike 0-1: DOUBLE (Line Drive, 7LD)
|
Batting: RHB Rich Anderson
|
0-0: Ball 1-0: Foul Ball, location: 2F 1-1: Foul Ball, location: 2F 1-2: Ground out 6-3 (Groundball, 6M) Frederico Hernández to third
|
Batting: RHB Raúl Canó
|
0-0: Called Strike 0-1: Called Strike 0-2: Fly out, F9 (Flyball, 9M)
|
Bottom of the 3rd over - 0 run(s), 1 hit(s), 0 error(s), 1 left on base; Baffin Island 2 - Orlando 1 |
TOP OF THE 4TH |
Baffin Island Beavers batting - Pitching for Orlando Calrissian : RHP Tony Guerrero
|
Batting: RHB Dave Craig
|
0-0: Called Strike 0-1: Called Strike 0-2: Strikes out swinging
|
Batting: LHB Keng-chi Lao
|
0-0: Foul Ball, location: 2F 0-1: Ball 1-1: Swinging Strike 1-2: Hit by Pitch
|
Batting: RHB Luis González
|
0-0: Fly out, F8 (Flyball, 78M)
|
Batting: LHB Chris Bates
|
0-0: Ball 1-0: Ball 2-0: Foul Ball, location: 2F 2-1: Swinging Strike 2-2: Foul Ball, location: 2F 2-2: Ball 3-2: Base on Balls Keng-chi Lao to second
|
Pitching: LHP José Ramírez
|
|
Batting: LHB Jeff Cole
|
0-0: Ball 1-0: Foul Ball, location: 2F 1-1: Foul Ball, location: 2F 1-2: Ball 2-2: Ground out U3 (Groundball, 3S)
|
Top of the 4th over - 0 run(s), 0 hit(s), 0 error(s), 2 left on base; Baffin Island 2 - Orlando 1 |
BOTTOM OF THE 4TH |
Orlando Calrissian batting - Pitching for Baffin Island Beavers : LHP Marcos Benítez
|
Batting: RHB Robby Lewis
|
0-0: Called Strike 0-1: Called Strike 0-2: Ground out 6-3 (Groundball, 6M)
|
Batting: LHB Juan Colón
|
0-0: Called Strike 0-1: Ball 1-1: Ground out 5-3 (Groundball, 5)
|
Batting: SHB Tim Abbott
|
0-0: Ball 1-0: Ground out 4-3 (Groundball, 4)
|
Bottom of the 4th over - 0 run(s), 0 hit(s), 0 error(s), 0 left on base; Baffin Island 2 - Orlando 1 |
TOP OF THE 5TH |
Baffin Island Beavers batting - Pitching for Orlando Calrissian : LHP José Ramírez
|
Batting: SHB Alonso Ferreira
|
0-0: Ball 1-0: Swinging Strike 1-1: Swinging Strike 1-2: Strikes out swinging
|
Batting: RHB Mario López
|
0-0: Called Strike 0-1: Foul Ball, location: 2F 0-2: Ball 1-2: Foul Ball, location: 2F 1-2: Ground out 6-3 (Groundball, 6)
|
Batting: RHB Tony Morton
|
0-0: Ball 1-0: Ball 2-0: Foul Ball, location: 2F 2-1: Foul Ball, location: 2F 2-2: Foul Ball, location: 2F 2-2: Ball 3-2: Strikes out swinging
|
Top of the 5th over - 0 run(s), 0 hit(s), 0 error(s), 0 left on base; Baffin Island 2 - Orlando 1 |
BOTTOM OF THE 5TH |
Orlando Calrissian batting - Pitching for Baffin Island Beavers : LHP Marcos Benítez
|
Batting: LHB Santiago Márquez
|
0-0: Ball 1-0: Fly out, F7 (Line Drive, 78M)
|
Batting: RHB Enrique Ramírez
|
0-0: Called Strike 0-1: SINGLE (Groundball, 56D)
|
Batting: RHB Kenny Cole
|
0-0: Swinging Strike 0-1: Ball 1-1: Swinging Strike 1-2: Ball 2-2: Fly out, F8 (Flyball, 8RM)
|
Batting: RHB Frederico Hernández
|
0-0: Fielders Choice at 2nd, 6-4 (Groundball, 6)
|
Bottom of the 5th over - 0 run(s), 1 hit(s), 0 error(s), 0 left on base; Baffin Island 2 - Orlando 1 |
TOP OF THE 6TH |
Baffin Island Beavers batting - Pitching for Orlando Calrissian : LHP José Ramírez
|
Batting: LHB Mario García
|
0-0: Ball 1-0: SINGLE (Groundball, 34D)
|
Batting: RHB Dave Craig
|
0-0: Fielders Choice at 2nd, 4-6 (Groundball, 4M)
|
Batting: LHB Keng-chi Lao
|
0-0: Foul Ball, location: 2F 0-1: Ball 1-1: Ball 2-1: Foul Ball, location: 2F 2-2: Ball 3-2: Ground out 3-1 (Groundball, 34) Dave Craig to second
|
Batting: RHB Luis González
|
0-0: Called Strike 0-1: Foul Ball, location: 2F 0-2: Ground out 5-3 (Groundball, 5)
|
Top of the 6th over - 0 run(s), 1 hit(s), 0 error(s), 1 left on base; Baffin Island 2 - Orlando 1 |
BOTTOM OF THE 6TH |
Orlando Calrissian batting - Pitching for Baffin Island Beavers : LHP Marcos Benítez
|
Batting: RHB Rich Anderson
|
0-0: Called Strike 0-1: Ball 1-1: Ground out 6-3 (Groundball, 6)
|
Batting: RHB Raúl Canó
|
0-0: Ball 1-0: Swinging Strike 1-1: SINGLE (Line Drive, 4D)
|
Batting: RHB Robby Lewis
|
0-0: Ball 1-0: Ball 2-0: Called Strike 2-1: Ball 3-1: Foul Ball, location: 2F 3-2: Foul Ball, location: 2F 3-2: Strikes out looking Raúl Canó is caught stealing 2nd base Batter strikes out.
|
Bottom of the 6th over - 0 run(s), 1 hit(s), 0 error(s), 0 left on base; Baffin Island 2 - Orlando 1 |
TOP OF THE 7TH |
Baffin Island Beavers batting - Pitching for Orlando Calrissian : LHP José Ramírez
|
Batting: LHB Chris Bates
|
0-0: Ball 1-0: Called Strike 1-1: SINGLE (Line Drive, 8LM)
|
Batting: LHB Jeff Cole
|
0-0: Sac Bunt - play at first, batter OUT! 2-4 Chris Bates to second
|
Batting: SHB Alonso Ferreira
|
0-0: Intentional Walk
|
Pitching: RHP Bernardo Hernández
|
|
Batting: RHB Mario López
|
0-0: Ball 1-0: Foul Ball, location: 2F 1-1: Swinging Strike 1-2: Ball 2-2: Ball 3-2: Fly out, F6 (Line Drive, 6M)
|
Batting: RHB Tony Morton
|
0-0: Ball 1-0: SINGLE (Groundball, 6MD) Chris Bates to third Alonso Ferreira to second Runner from 3rd tries for Home, SAFE, no throw or cutoff
|
Pitching: LHP Richard Dorris
|
|
Batting: LHB Mario García
|
0-0: Fly out, F5 (Popup, 25F)
|
Top of the 7th over - 1 run(s), 2 hit(s), 0 error(s), 2 left on base; Baffin Island 3 - Orlando 1 |
BOTTOM OF THE 7TH |
Orlando Calrissian batting - Pitching for Baffin Island Beavers : LHP Marcos Benítez
|
Batting: LHB Juan Colón
|
0-0: Reached on error, E5 (Groundball, 5S)
|
Batting: SHB Tim Abbott
|
0-0: Ball 1-0: Called Strike 1-1: Foul Ball, location: 2F 1-2: Ground out 3-1 (Groundball, 34) Juan Colón to second
|
Batting: LHB Santiago Márquez
|
0-0: SINGLE (Line Drive, 89S) Juan Colón to third
|
Batting: RHB Enrique Ramírez
|
0-0: Ball 1-0: Ball 2-0: Grounds into double play, 6-4-3 (Groundball, 6)
|
Bottom of the 7th over - 0 run(s), 1 hit(s), 1 error(s), 1 left on base; Baffin Island 3 - Orlando 1 |
TOP OF THE 8TH |
Baffin Island Beavers batting - Pitching for Orlando Calrissian : LHP Richard Dorris
|
Batting: RHB Dave Craig
|
0-0: Ball 1-0: Ball 2-0: Ball 3-0: Base on Balls
|
Pitching: LHP Salvador Rodríguez
|
|
Batting: LHB Keng-chi Lao
|
0-0: Called Strike 0-1: Bunted foul 0-2: Fielders Choice at 2nd, 3-6 (Groundball, 3)
|
Batting: RHB Luis González
|
0-0: Called Strike 0-1: Swinging Strike 0-2: Strikes out swinging
|
Batting: LHB Chris Bates
|
0-0: Ball 1-0: SINGLE (Line Drive, 4MD) Keng-chi Lao to second
|
Batting: LHB Jeff Cole
|
0-0: Ball 1-0: Ground out U3 (Groundball, 3L)
|
Top of the 8th over - 0 run(s), 1 hit(s), 0 error(s), 2 left on base; Baffin Island 3 - Orlando 1 |
BOTTOM OF THE 8TH |
Orlando Calrissian batting - Pitching for Baffin Island Beavers : LHP Marcos Benítez
|
Batting: RHB Kenny Cole
|
0-0: Ball 1-0: Called Strike 1-1: Ball 2-1: Ground out 6-3 (Groundball, 6)
|
Batting: RHB Frederico Hernández
|
0-0: Foul Ball, location: 2F 0-1: Swinging Strike 0-2: Ball 1-2: Ground out 6-3 (Groundball, 6M)
|
Batting: RHB Rich Anderson
|
0-0: Ball 1-0: Ball 2-0: Fly out, F7 (Flyball, 78S)
|
Bottom of the 8th over - 0 run(s), 0 hit(s), 0 error(s), 0 left on base; Baffin Island 3 - Orlando 1 |
TOP OF THE 9TH |
Baffin Island Beavers batting - Pitching for Orlando Calrissian : LHP Salvador Rodríguez
|
Pitching: RHP Stan Stewart
|
|
Batting: SHB Alonso Ferreira
|
0-0: Swinging Strike 0-1: Ball 1-1: Ball 2-1: SINGLE (Line Drive, 89S)
|
Batting: RHB Mario López
|
0-0: SINGLE (Line Drive, 7LS) Alonso Ferreira to second
|
Batting: RHB Tony Morton
|
0-0: Grounds into double play, 1-6-3 (Groundball, 15) Alonso Ferreira to third
|
Batting: LHB Mario García
|
0-0: Ball 1-0: Ball 2-0: Ball 3-0: Base on Balls
|
Pitching: RHP Dave Heath
|
|
Batting: RHB Dave Craig
|
0-0: Called Strike 0-1: Hit by Pitch Mario García to second
|
Batting: LHB Keng-chi Lao
|
0-0: Called Strike 0-1: Ball 1-1: Called Strike 1-2: Ground out 1-3 (Groundball, 2L)
|
Top of the 9th over - 0 run(s), 2 hit(s), 0 error(s), 3 left on base; Baffin Island 3 - Orlando 1 |
BOTTOM OF THE 9TH |
Orlando Calrissian batting - Pitching for Baffin Island Beavers : LHP Marcos Benítez
|
Pitching: LHP Edgardo Guzmán
|
|
Batting: RHB Raúl Canó
|
0-0: Ball 1-0: Called Strike 1-1: Ball 2-1: Foul Ball, location: 2F 2-2: Ball 3-2: Strikes out swinging
|
Batting: RHB Robby Lewis
|
0-0: Ball 1-0: Foul Ball, location: 2F 1-1: SOLO HOME RUN (Flyball, 9D), Distance : 382 ft
|
Batting: LHB Juan Colón
|
0-0: Called Strike 0-1: Called Strike 0-2: Strikes out swinging
|
Batting: SHB Tim Abbott
|
0-0: Ball 1-0: Called Strike 1-1: SOLO HOME RUN (Flyball, 78XD), Distance : 398 ft
|
Batting: LHB Santiago Márquez
|
0-0: Ball 1-0: Swinging Strike 1-1: Called Strike 1-2: Ball 2-2: SINGLE (Flyball, 78S)
|
Batting: RHB Enrique Ramírez
|
0-0: Ball 1-0: Called Strike 1-1: Foul Ball, location: 2F 1-2: Foul Ball, location: 2F 1-2: Ball Wild Pitch! Santiago Márquez to second 2-2: Ground out 1-3 (Groundball, 23)
|
Bottom of the 9th over - 2 run(s), 3 hit(s), 0 error(s), 1 left on base; Baffin Island 3 - Orlando 3 |
TOP OF THE 10TH |
Baffin Island Beavers batting - Pitching for Orlando Calrissian : RHP Dave Heath
|
Pitching: LHP Clarence Skerratt
|
|
Batting: RHB Luis González
|
0-0: Foul Ball, location: 2F 0-1: Ground out 5-3 (Groundball, 5L)
|
Batting: LHB Chris Bates
|
0-0: Called Strike 0-1: Foul Ball, location: 2F 0-2: Ground out 4-3 (Groundball, 4)
|
Batting: LHB Jeff Cole
|
0-0: Called Strike 0-1: Ball 1-1: Swinging Strike 1-2: Foul Ball, location: 2F 1-2: Foul Ball, location: 2F 1-2: Ball 2-2: Ball 3-2: Fly out, F5 (Line Drive, 5S)
|
Top of the 10th over - 0 run(s), 0 hit(s), 0 error(s), 0 left on base; Baffin Island 3 - Orlando 3 |
BOTTOM OF THE 10TH |
Orlando Calrissian batting - Pitching for Baffin Island Beavers : LHP Edgardo Guzmán
|
Batting: RHB Kenny Cole
|
0-0: Called Strike 0-1: Called Strike 0-2: Strikes out looking
|
Batting: RHB Frederico Hernández
|
0-0: Ball 1-0: Called Strike 1-1: Fly out, F7 (Flyball, 7M)
|
Batting: RHB Rich Anderson
|
0-0: Swinging Strike 0-1: SINGLE (Groundball, 56D)
|
Batting: RHB Raúl Canó
|
0-0: Foul Ball, location: 2F 0-1: Called Strike 0-2: Foul Ball, location: 2F 0-2: Ball 1-2: Ball 2-2: Ball 3-2: Strikes out swinging
|
Bottom of the 10th over - 0 run(s), 1 hit(s), 0 error(s), 1 left on base; Baffin Island 3 - Orlando 3 |
TOP OF THE 11TH |
Baffin Island Beavers batting - Pitching for Orlando Calrissian : LHP Clarence Skerratt
|
Batting: SHB Alonso Ferreira
|
0-0: Ground out 4-3 (Groundball, 4)
|
Batting: RHB Mario López
|
0-0: Ball 1-0: Fly out, F8 (Flyball, 8LM)
|
Batting: RHB Tony Morton
|
0-0: Called Strike 0-1: Ball 1-1: DOUBLE (Line Drive, 89M)
|
Batting: LHB Mario García
|
0-0: Called Strike 0-1: Fly out, F9 (Flyball, 89D)
|
Top of the 11th over - 0 run(s), 1 hit(s), 0 error(s), 1 left on base; Baffin Island 3 - Orlando 3 |
BOTTOM OF THE 11TH |
Orlando Calrissian batting - Pitching for Baffin Island Beavers : LHP Edgardo Guzmán
|
Pitching: LHP Manuel Parra
|
|
Batting: RHB Robby Lewis
|
0-0: Ground out 4-3 (Groundball, 4)
|
Batting: LHB Juan Colón
|
0-0: Called Strike 0-1: Ball 1-1: SINGLE (Flyball, 8LS)
|
Batting: SHB Tim Abbott
|
Single, Error in OF, E9, batter to second base Juan Colón to third
|
Batting: LHB Santiago Márquez
|
0-0: Intentional Walk
|
Batting: RHB Enrique Ramírez
|
0-0: Foul Ball, location: 2F 0-1: Fly out, F7 (Flyball, 78D) Runner from 3rd tags up, SCORES, no throw
|
Monday, December 5th, 2016 - OOTP Baseball 17.12 Build 75
|
|